 Dungeon Crawl Stone Soup version 0.31-a0-981-geadf994 (webtiles) character file.

Game seed: 17579153677662987133

63 nkoura the Ruffian (level 3, -2/11 HPs)
             Began as a Draconian Shapeshifter on Nov 1, 2023.
             Slain by a cerulean imp
             ... wielding a +1 spear
             ... summoned by Natasha
              (3 damage)
             ... on level 3 of the Dungeon.
             The game lasted 00:04:05 (1837 turns).

nkoura the Ruffian (Draconian Shapeshifter)         Turns: 1837, Time: 00:04:07

Health: -2/11      AC:  4    Str: 21    XL:     3   Next: 89%
Magic:  3/3        EV: 10    Int: 10    God:
Gold:   122        SH:  0    Dex: 12    Spells: 2/2 levels left

rFire   . .          .
                       - Unarmed
rCold   . . .        (shield currently unavailable)
rNeg    . . .        (body armour unavailable)
rPois   .            (helmet currently unavailable)
rElec   .            (cloak currently unavailable)
rCorr   .            (gloves currently unavailable)
SInv    .            (boots currently unavailable)
Will    .....        g - amulet of regeneration
Stlth   +            (no ring)
HPRegen 1.01/turn    (no ring)
MPRegen 0.08/turn

%: no passive effects
@: snake-form, slowed, very slow
A: constrict, reduced hp, AC +5, large, unfitting armour, (cold-blooded)
a: Begin Untransformation


You were on level 3 of the Dungeon.
You were an enormous anaconda.
You visited 1 branch of the dungeon, and saw 3 of its levels.

You collected 122 gold pieces.

Inventory:

Hand Weapons
 f - a +2 dagger of venom
Jewellery
 g - an amulet of regeneration (around neck)
Talismans
 b - a beast talisman
 c - a flux talisman
 k - a serpent talisman (active)
Wands
 i - a wand of flame (16)
Scrolls
 d - 3 scrolls of identify {unknown}
 e - a scroll of vulnerability {unknown}
 j - 2 scrolls of teleportation {unknown}
 l - a scroll of enchant weapon {unknown}
Potions
 a - a potion of lignification
 h - 3 potions of curing {unknown}


   Skills:
 + Level 2.1 Fighting
 + Level 2.4 Dodging
 * Level 3.6 Unarmed Combat
 + Level 3.4 Shapeshifting


You had 2 spell levels left.
You didn't know any spells.
Your spell library contained the following spells:

 Spells                   Type           Power      Damage    Failure   Level
 Summon Small Mammal      Summ           0%         N/A       36%         1
 Scorch                   Fire           0%         2d5       50%         2
 Call Canine Familiar     Summ           0%         N/A       75%         3
 Summon Guardian Golem    Hex/Summ       0%         N/A       75%         3
 Flame Wave               Conj/Fire      0%         2d4       98%         4
 Summon Cactus Giant      Summ           0%         N/A       100%        6


Dungeon Overview and Level Annotations

Branches:
Dungeon (3/15)

Altars:

Annotations:
D:3 Natasha


Innate Abilities, Weirdness & Mutations

You are an enormous anaconda.
You have a powerful constriction melee attack.
Your maximum health is decreased, since you lack skill for your form.
Your armour is entirely melded.
You are incapable of wielding weapons or throwing items.
((Your plain brown scales are hard. (AC +5)))
You cannot fit into any form of body armour.
((You are cold-blooded and may be slowed by cold attacks.))


Message History

No target in view!
No target in view!
No target in view!
No target in view!
No target in view!
No target in view!
No target in view!
Found a stone staircase leading down.
Natasha, Servant of Life and Death comes into view.
Natasha hisses angrily.
Natasha mumbles some strange words.
You see here 11 gold pieces.
Found a stone staircase leading up.
Natasha casts a spell at you.
You feel yourself slow down.
You see here 11 gold pieces.
The cerulean imp barely misses you.
The cerulean imp hits you from afar with a +1 spear.
Natasha attacks as she pursues you! Natasha claws you but does no damage.
The cerulean imp attacks as it pursues you!
The cerulean imp closely misses you.
You closely miss Natasha. Your grab misses Natasha.
The cerulean imp hits you but does no damage.
Natasha closely misses you.
The cerulean imp hits you but does no damage.
Natasha claws you!
Ouch! That really hurt!
* * * LOW HITPOINT WARNING * * *
You barely miss Natasha. You grab Natasha. You constrict Natasha.
The cerulean imp barely misses you.
Natasha wildly gestures.
You feel disoriented. Natasha closely misses you.
You lash Natasha!
Natasha is heavily wounded.
You constrict Natasha. The cerulean imp completely misses you.
Natasha claws you.
* * * LOW HITPOINT WARNING * * *
The cerulean imp hits you from afar with a +1 spear.
You die...

'##...######.....#
..... ..#####
###.....# .#.. ..#
#.......####.#.#
..#
#.#.....##.....#
..#
#.#..#####.....#
..# #.#..# #.>...#
..# #.#..# #...!.#
..#
#.#..#####$...##
..#
####.#.<..Sh5....+
..+
.....##.#####....#
#..........#....+
....###.###.#....#
#. #.# #....# ...
#....# ##.##
#....# ..# ######
###


You could see Natasha and a cerulean imp (summoned).

Vanquished Creatures
  2 adders (D:2)
  A dart slug (D:1)
  7 ball pythons
  A bat (D:2)
  5 endoplasms
  2 giant cockroaches
  4 goblins (D:1)
  2 hobgoblins
  2 jackals (D:2)
  3 kobolds (D:1)
  2 quokkas
  2 frilled lizards (D:2)
  4 rats
37 creatures vanquished.

Notes
Turn   | Place    | Note
-------+----------+-------------------------------------------
     0 | D:1      | nkoura the Draconian Shapeshifter began the quest for the
                  | Orb.
     0 | D:1      | Reached XP level 1. HP: 16/16 MP: 1/1
   190 | D:1      | Reached XP level 2. HP: 23/23 MP: 2/2
   537 | D:1      | You fall into a shaft and drop 1 floor!
   572 | D:2      | Reached XP level 3. HP: 21/29 MP: 3/3
   931 | D:2      | Found a faded altar of an unknown god.
  1827 | D:3      | Noticed Natasha
  1837 | D:3      | Slain by a cerulean imp

Illustrated notes

Levels and vault maps discovered:
D:1:      dpeg_arrival_connections, layout_basic, minmay_misc_feat_rows
D:2:      layout_basic, nicolae_ecumenical_snake_handling
D:3:      layout_basic, mainiacjoe_overflow_24_doors, uniq_natasha

Skill      XL: |  1  2  3 |
---------------+----------+-----
Dodging        | 2 |  2.4
Fighting       | 2 |  2.1
Unarmed Combat | |  3.6
Shapeshifting  | |  3.4

Action                     || total
---------------------------++-------
  Melee: Unarmed           ||    89
         Tailslap          ||     7
         Punch             ||     4
         Constrict         ||     3
Ability: Begin Untransform ||     1
 Armour: Skin              ||    48
  Dodge: Dodged            ||    37
   Form: Beast             ||     1
         Anaconda          ||     1

Table legend: (Time is in decaauts)
 A = Elapsed time spent in this place.
 B = Non-inter-level travel time spent in this place.
 C = Inter-level travel time spent in this place.
 D = Time resting spent in this place.
 E = Time spent auto-exploring this place.
 F = Levels seen in this place.
 G = Mean time per level.
                   A        B        C        D        E       F      G
               +--------+--------+--------+--------+--------+-----+--------+
         Total |   1841 |   1732 |    109 |      0 |   1455 |   3 |  613.7 |
       Dungeon |   1841 |   1732 |    109 |      0 |   1455 |   3 |  613.7 |
               +--------+--------+--------+--------+--------+-----+--------+

Top non-repeatable levels by time:
     D:2: 853 daAuts
     D:1: 843 daAuts
     D:3: 145 daAuts
